Map: Year Zero LE

Players

Bega

  • Race: Terran Terran
  • League: Diamond
  • Spawn Location: 11:00

JeiNex - Winner!

  • Race: Protoss Protoss
  • League: Diamond
  • Spawn Location: 1:00

VOD

Have the link to the VOD?

Description

Time

  • Played on: March 25, 2019, 5:49 a.m.
  • Length: 22:10
Show
View Real Time Build Order
Export as new Build Order

Bega Terran 

Build Orders:  

Get SALT Encoding   

  12  0:00  SCV  
  13  0:12  SCV  
  14  0:19  Supply Depot  
  14  0:24  SCV  
  15  0:29  Refinery  
  15  0:41  SCV  
  16  0:48  Barracks  
  16  0:53  SCV  
  17  1:05  SCV  
  18  1:17  SCV  
  19  1:29  SCV  
  20  1:35  Reaper  
  21  1:45  Command Center  
  21  1:52  Orbital Command  
  21  2:03  Factory  
  21  2:08  Barracks Tech Lab  
  21  2:14  Refinery  
  21  2:17  SCV  
  22  2:24  Supply Depot  
  22  2:29  SCV  
  23  2:52  SCV  
  24  3:04  Cyclone  
  24  3:05  Barracks Tech Lab  
  27  3:07  SCV  
  27  3:09  Orbital Command  
  28  3:23  SCV  
  29  3:35  SCV, Factory  
  29  3:40  Cyclone, Mag-Field Accelerator  
  33  3:47  SCV x2  
  34  4:01  SCV  
  34  4:02  SCV  
  36  4:10  Supply Depot  
  36  4:16  Starport  
  36  4:20  Barracks Tech Lab  
  36  4:21  Hellion  
  36  4:22  Hellion  
  40  4:25  SCV x2  
  40  4:28  Supply Depot  
  42  4:39  SCV x2  
  42  4:42  Cyclone  
  42  4:43  Cyclone, Supply Depot  
  50  4:54  Supply Depot  
  50  5:02  SCV x2  
  50  5:03  Banshee  
  50  5:04  Engineering Bay  
  55  5:14  SCV x2  
  55  5:15  Hellion x2  
  55  5:21  Command Center  
  61  5:26  SCV  
  62  5:30  Missile Turret  
  62  5:32  SCV  
  63  5:36  Hellion  
  63  5:37  Hellion  
  63  5:38  SCV  
  63  5:41  Missile Turret x2  
  68  5:44  SCV  
  68  5:46  Viking  
  71  5:52  SCV  
  71  5:56  SCV  
  71  5:57  Supply Depot, Cyclone  
  73  5:59  Supply Depot  
  76  6:14  Supply Depot  
  76  6:18  Cyclone, Banshee  
  82  6:19  Refinery x2  
  82  6:22  SCV  
  82  6:23  Supply Depot, SCV  
  84  6:30  Hellion  
  86  6:35  SCV  
  86  6:39  Cloaking Field  
  87  6:41  Orbital Command  
  87  6:43  Supply Depot  
  87  6:44  Supply Depot  
  87  6:48  Supply Depot  
  87  6:50  SCV  
  87  6:51  SCV  
  89  6:57  Armory  
  89  7:00  Armory  
  89  7:02  SCV  
  89  7:03  SCV  
  89  7:24  Orbital Command  
  89  7:28  SCV x2  
  91  7:31  Banshee  
  91  7:34  Siege Tank  
  91  7:35  Cyclone  
  100  7:37  Supply Depot  
  100  7:39  Supply Depot  
  100  7:40  SCV x2  
  102  7:53  SCV x3  
  105  8:05  SCV  
  106  8:06  Cyclone  
  106  8:07  Siege Tank  
  106  8:08  Terran Vehicle Weapons Level 1, Supply Depot  
  112  8:25  SCV x2  
  114  8:27  Refinery x2, Missile Turret  
  114  8:32  SCV  
  115  8:37  SCV x2, Terran Vehicle And Ship Armor Level 1  
  115  8:38  Cyclone  
  115  8:39  Cyclone  
  115  8:41  Armory  
  123  8:59  Command Center  
  120  9:12  Missile Turret  
  120  9:13  Cyclone x2  
  120  9:14  Banshee  
  129  9:20  Factory  
  119  9:39  SCV x3  
  122  9:50  Terran Ship Weapons Level 1  
  122  9:53  Supply Depot  
  122  9:55  Cyclone x2  
  128  10:06  Command Center  
  127  10:28  Cyclone x2  
  124  10:50  Command Center  
  124  10:52  SCV x3  
  125  11:00  Cyclone  
  125  11:01  Cyclone  
  125  11:02  Banshee  
  123  11:08  SCV x2  
  123  11:13  Missile Turret  
  123  11:20  SCV x2  
  125  11:30  Factory Tech Lab, Supply Depot  
  125  11:33  Cyclone x2  
  131  11:40  Factory  
  131  11:45  Viking  
  131  11:46  Barracks Tech Lab  
  133  11:54  Factory  
  133  11:55  SCV x4  
  134  12:05  Hellbat x2  
  131  12:14  Raven  
  115  12:27  Cyclone, Siege Tank  
  98  12:44  Siege Tank  
  98  12:46  Hellion  
  102  12:57  Banshee  
  103  12:59  Cyclone, Siege Tank, Factory  
  109  13:07  Hellion  
  109  13:10  Planetary Fortress  
  111  13:16  Siege Tank  
  93  13:31  Siege Tank x2  
  86  13:43  Banshee  
  89  13:50  Refinery  
  89  13:51  Refinery, SCV, Orbital Command  
  82  14:03  Thor x3  
  82  14:04  Thor  
  82  14:05  Hellion  
  108  14:24  SCV x2  
  108  14:25  SCV  
  108  14:26  Hellion  
  108  14:30  Refinery x2  
  113  14:34  Factory Tech Lab  
  113  14:42  Banshee  
  116  14:46  Thor, Siege Tank, Command Center  
  116  14:47  Siege Tank, Hellion  
  130  14:53  Missile Turret  
  130  14:57  SCV x2  
  132  15:01  SCV x2  
  132  15:05  Missile Turret  
  134  15:08  Siege Tank  
  134  15:09  SCV  
  134  15:10  SCV  
  134  15:13  SCV  
  140  15:14  Missile Turret  
  140  15:18  Thor x2  
  79  15:41  Thor x2  
  79  15:42  Banshee, Hellion  
  96  15:55  Command Center  
  96  16:01  Thor  
  96  16:02  Ghost Academy, Hellion  
  96  16:03  Hellion  
  106  16:06  Barracks Tech Lab  
  106  16:25  SCV x2, Missile Turret  
  108  16:26  SCV  
  108  16:29  Orbital Command  
  109  16:39  Siege Tank x2  
  115  16:42  Banshee  
  115  16:43  Terran Vehicle Weapons Level 2  
  120  16:50  Refinery  
  120  16:52  Factory Tech Lab  
  115  17:14  Thor  
  100  17:17  Hellion x4  
  87  17:26  Banshee  
  75  17:41  Widow Mine, Hellion  
  75  17:42  Hellion x2  
  83  17:44  SCV  
  83  17:45  Refinery  
  83  17:47  Orbital Command  
  84  17:53  Missile Turret  
  84  17:58  Starport, Hellion  
  86  18:02  Starport  
  86  18:03  Hellion x4  
  94  18:09  Ghost  
  96  18:19  Hellion  
  98  18:20  SCV  
  98  18:21  SCV x3  
  102  18:29  SCV  
  102  18:33  SCV x3  
  106  18:37  Starport  
  106  18:38  Starport  
  106  18:44  Hellion x5  
  116  18:51  Starport Tech Lab  
  116  18:52  Starport Tech Lab  
  116  18:54  Personal Cloaking  
  116  19:05  Hellion  
  118  19:11  Fusion Core  
  108  19:46  Orbital Command  
  94  20:02  Starport Tech Lab  
  94  20:06  Starport  
  94  20:07  Starport x2  
  85  20:08  Starport Tech Lab  
  85  20:13  Starport  
  80  20:15  Starport  
  80  20:16  Refinery, Missile Turret  
  80  20:20  Missile Turret  
  80  20:21  Medivac, Missile Turret, Weapon Refit  
  76  20:23  Ghost  
  76  20:27  Nuke  
  54  20:39  SCV  
  55  20:43  Refinery  
  55  20:49  Refinery  
  55  20:53  Starport Tech Lab  
  55  20:55  Starport Tech Lab  
  55  20:56  Starport Tech Lab  
  55  21:05  Starport Tech Lab x2  
Show
View Real Time Build Order
Export as new Build Order

JeiNex Protoss - Winner!

Build Orders: 1 Gate Expand, Double Forge 

Get SALT Encoding   

  12  0:01  Probe  
  13  0:13  Probe  
  14  0:21  Pylon  
  14  0:25  Probe  
  15  0:37  Probe  
  15  0:41  Gateway  
  16  0:45  Probe  
  16  0:49  Assimilator  
  17  0:53  Probe  
  17  1:04  Probe  
  19  1:12  Probe  
  20  1:28  Nexus  
  20  1:32  Probe  
  21  1:44  Cybernetics Core, Probe  
  22  1:56  Probe  
  22  2:00  Assimilator  
  23  2:05  Pylon  
  23  2:13  Stalker  
  23  2:23  Probe  
  26  2:33  Pylon  
  26  2:35  Probe  
  27  2:38  Probe  
  27  2:42  Stalker  
  30  2:45  Warp Gate  
  30  2:46  Probe  
  30  2:47  Probe  
  32  2:59  Probe  
  32  3:02  Probe  
  34  3:09  Forge  
  34  3:10  Probe  
  34  3:11  Probe  
  35  3:12  Stalker  
  35  3:18  Probe  
  38  3:23  Probe  
  40  3:28  Gateway, Probe  
  40  3:31  Protoss Ground Weapons Level 1  
  41  3:35  Probe  
  41  3:40  Probe  
  43  3:47  Probe  
  43  3:48  Stalker  
  46  3:54  Assimilator  
  46  3:56  Probe  
  46  3:58  Assimilator  
  46  3:59  Probe  
  48  4:02  Forge  
  48  4:08  Probe  
  49  4:18  Stalker  
  51  4:31  Probe x2  
  53  4:34  Protoss Ground Armor Level 1  
  53  4:37  Nexus, Pylon  
  53  4:40  Pylon, Probe  
  54  4:48  Pylon  
  54  4:55  Probe  
  55  5:03  Gateway  
  55  5:05  Gateway  
  55  5:07  Gateway  
  55  5:09  Twilight Council  
  55  5:18  Stalker x2  
  59  5:31  Cybernetics Core  
  59  5:33  Probe  
  59  5:34  Blink  
  59  5:36  Probe  
  59  5:40  Protoss Ground Weapons Level 2  
  59  5:41  Probe  
  59  5:42  Pylon  
  61  5:45  Pylon  
  61  5:48  Probe  
  63  5:51  Probe  
  63  5:55  Probe  
  65  6:01  Probe  
  65  6:03  Probe  
  67  6:07  Probe  
  68  6:12  Photon Cannon  
  68  6:13  Probe  
  68  6:15  Photon Cannon, Probe  
  68  6:18  Probe  
  70  6:20  Protoss Ground Armor Level 2  
  70  6:24  Pylon  
  70  6:25  Pylon  
  71  6:26  Probe  
  71  6:27  Probe  
  73  6:36  Stalker x2  
  73  6:37  Stalker  
  79  6:44  Stalker x2  
  83  6:55  Dark Shrine  
  83  7:06  Nexus  
  83  7:08  Robotics Facility  
  83  7:12  Gateway  
  83  7:13  Gateway  
  76  7:25  Stalker  
  76  7:26  Stalker x4  
  76  7:27  Charge  
  84  7:39  Assimilator, Probe x3  
  84  7:43  Assimilator  
  87  7:49  Photon Cannon  
  87  7:51  Photon Cannon, Probe x3  
  90  8:03  Probe x2  
  92  8:08  Dark Templar  
  92  8:09  Dark Templar x4  
  100  8:33  Stalker x2  
  104  8:53  Dark Templar x4  
  104  8:54  Dark Templar  
  114  9:16  Immortal  
  114  9:32  Protoss Ground Weapons Level 3  
  108  9:47  Robotics Facility  
  108  9:48  Robotics Facility x2, Probe x2  
  108  9:49  Probe  
  111  9:52  Robotics Facility  
  111  9:55  Immortal  
  115  10:00  Probe x2  
  115  10:01  Probe  
  118  10:12  Probe  
  118  10:13  Probe  
  113  10:32  Nexus  
  113  10:34  Immortal  
  117  10:43  Nexus  
  111  10:50  Nexus  
  108  10:59  Protoss Shields Level 1  
  98  11:08  Immortal x3  
  98  11:09  Immortal  
  98  11:11  Immortal  
  96  11:14  Stalker x3  
  122  11:28  Resonating Glaives  
  122  11:30  Pylon  
  122  11:41  Immortal x4  
  122  11:43  Immortal  
  122  11:49  Probe x4  
  146  12:01  Probe x3  
  135  12:16  Observer  
  135  12:18  Stalker  
  135  12:19  Stalker x4  
  135  12:20  Stalker x2  
  135  12:22  Observer x2  
  141  12:23  Observer  
  121  12:44  Observer  
  122  12:51  Protoss Ground Armor Level 3  
  122  12:53  Protoss Shields Level 2  
  122  13:07  Nexus, Pylon  
  122  13:11  Pylon  
  122  13:14  Pylon  
  120  13:22  Assimilator  
  116  13:30  Stalker x4  
  116  13:31  Stalker x3  
  126  13:39  Immortal x5  
  138  13:57  Dark Templar x4  
  136  14:18  Immortal x2  
  136  14:20  Stalker x3  
  142  14:40  Stargate  
  142  14:42  Stargate  
  142  14:43  Stargate  
  142  14:47  Stargate  
  142  14:53  Assimilator  
  142  14:57  Assimilator  
  142  15:00  Assimilator  
  142  15:01  Assimilator  
  142  15:02  Probe  
  142  15:03  Probe x2  
  118  15:44  Fleet Beacon  
  134  15:52  Observer x4  
  122  15:57  Stalker x4  
  122  15:58  Stalker x2  
  133  16:13  Observer  
  134  16:18  Pylon x2  
  134  16:19  Pylon  
  134  16:30  Tempest x2, Assimilator  
  134  16:31  Tempest x2  
  154  17:04  Tempest x2  
  144  17:16  Tempest  
  122  17:23  Tempest  
  122  17:28  Protoss Air Weapons Level 1  
  122  17:34  Anion Pulse-Crystals  
  122  17:36  Tempest x2  
  118  17:50  Tempest  
  128  17:54  Cybernetics Core  
  128  18:00  Tempest  
  138  18:19  Tempest x2  
  148  18:30  Nexus  
  148  18:33  Tempest  
  153  18:37  Assimilator  
  153  18:38  Assimilator, Protoss Air Armor Level 1  
  153  18:43  Tempest  
  158  19:02  Tempest x2  
  168  19:15  Tempest  
  171  19:26  Tempest  
  176  19:44  Tempest  
  176  19:45  Tempest  
  186  19:58  Tempest  
  185  20:08  Tempest  
  178  20:27  Tempest x2  
  184  20:42  Carrier  
  190  20:54  Nexus  
Tags
 
Add a new tag
Caveats
  • Supply blocks, unpowered buildings, or Contaminate may cause inaccurate times.
  • Supply counts are checked every 10 seconds.